 Dungeon Crawl Stone Soup version 0.29.1-1-gd02db6906a (webtiles) character file.

Game seed: 13790730203314566264

198 Earthwalker the Shield-Bearer (level 5, -9/47 HPs)
             Began as a Minotaur Fighter on Oct 13, 2022.
             Mangled by an ogre
             ... wielding a +0 giant club
              (24 damage)
             ... on level 4 of the Dungeon.
             The game lasted 00:05:03 (3395 turns).

Earthwalker the Shield-Bearer (Minotaur Fighter)    Turns: 3395, Time: 00:05:03

Health: -9/47      AC:  7    Str: 23    XL:     5   Next: 47%
Magic:  4/4        EV: 10    Int:  5    God:
Gold:   158        SH:  4    Dex:  9    Spells: 4/4 levels left

rFire   . . .      SeeInvis .   a - +0 war axe
rCold   . . .      Faith    .   c - +0 buckler
rNeg    . . .      Spirit   .   b - +0 scale mail
rPois   .          Reflect  .   (helmet restricted)
rElec   .          Harm     .   (no cloak)
rCorr   .          Rampage  .   (no gloves)
Will    .....                   (no boots)
Stlth   ..........              (no amulet)
HPRegen 0.15/turn               (no ring)
MPRegen 0.09/turn               (no ring)

@: no status effects
A: horns 2, retaliatory headbutt
a: no special abilities


You were on level 4 of the Dungeon.
You visited 1 branch of the dungeon, and saw 4 of its levels.

You collected 158 gold pieces.

Inventory:

Hand Weapons
 a - a +0 war axe (weapon)
Missiles
 e - 21 stones (quivered)
 p - 3 boomerangs
Armour
 b - a +0 scale mail (worn)
 c - a +0 buckler (worn)
Wands
 k - a wand of acid (9)
Scrolls
 h - 2 scrolls of noise {unknown}
 i - 3 scrolls of teleportation {unknown}
 l - a scroll of enchant armour {unknown}
 q - a scroll of fog {unknown}
 r - 2 scrolls of identify {unknown}
 s - a scroll of poison {unknown}
 t - a scroll of brand weapon {unknown}
 u - a scroll of enchant weapon {unknown}
Potions
 d - a potion of might
 f - 2 potions of berserk rage {unknown}
 g - a potion of invisibility {unknown}
 j - 2 potions of heal wounds {unknown}
 m - 2 potions of cancellation {unknown}
 n - a potion of haste {unknown}
 o - 2 potions of brilliance {unknown}


   Skills:
 * Level 4.4 Fighting
 * Level 3.9 Axes
 + Level 1.3 Throwing
 * Level 4.6 Armour
 * Level 1.8 Dodging
 * Level 4.6 Shields


You had 4 spell levels left.
You didn't know any spells.
Your spell library contained the following spells:

 Spells                   Type           Power      Damage    Failure   Level
 Static Discharge         Conj/Air       0%         3-3/arc   95%         2
 Lightning Bolt           Conj/Air       0%         1d11      100%        5
 Maxwell's Capacitive Co  Air            0%         ∞         100%        8


Dungeon Overview and Level Annotations

Branches:
Dungeon (4/15)
 Temple: D:4-7

Altars:
Elyvilon
Nemelex Xobeh


Innate Abilities, Weirdness & Mutations

You have a pair of horns on your head.
You reflexively headbutt those who attack you in melee.


Message History

You throw a stone. The stone hits the ogre.
The ogre is lightly wounded.
Throw: 24 stones
Press: ? - help, Q - select action, (/) - cycle Shift-Dir - straight line, f/p - ogre
Aim: an ogre, wielding a +0 giant club (lightly wounded, 72% to hit)
You throw a stone. The stone hits the ogre.
The ogre is lightly wounded.
Throw: 23 stones
Press: ? - help, Q - select action, (/) - cycle Shift-Dir - straight line, f/p - ogre
Aim: an ogre, wielding a +0 giant club (lightly wounded, 72% to hit)
You throw a stone. The stone hits the ogre.
The ogre is moderately wounded.
Throw: 22 stones
Press: ? - help, Q - select action, (/) - cycle Shift-Dir - straight line, f/p - ogre
Aim: an ogre, wielding a +0 giant club (moderately wounded, 72% to hit)
You throw a stone. The stone completely misses the ogre.
You barely miss the ogre. You headbutt the ogre.
The ogre is moderately wounded.
The ogre hits you with a +0 giant club!!
Ouch! That really hurt!
You are too injured to fight recklessly!
You are too injured to fight recklessly!
Unknown command.
You completely miss the ogre.
The ogre is moderately wounded.
The ogre barely misses you. You furiously retaliate!
You headbutt the ogre. You hit the ogre but do no damage.
The ogre is moderately wounded.
You block the ogre's attack.
You barely miss the ogre. You headbutt the ogre.
The ogre is moderately wounded.
The ogre completely misses you. You furiously retaliate!
You headbutt the ogre! You hit the ogre but do no damage.
The ogre is severely wounded.
The ogre hits you with a +0 giant club!
You hit the ogre.
The ogre is almost dead.
The ogre hits you with a +0 giant club!!
Ouch! That really hurt!
You die...

...........#..........#
#.#####.#.##..........###
#.........####..###...#
.#####.........# ##.##
#.######.## #†# #.# #.#
#†# ###.######.#####†#
#.............##.#
#.......O@.....#.###
#...######.........#
#...######.#...#.#.#
................#...#
.......#########..#.###
#.....O.# ######..#.#
#.###.... .........#.# #.
#...# #.######.#.# #
#...# #.#.#


You could see an ogre.

Vanquished Creatures
  An iguana (D:4)
  An orc wizard (D:3)
  7 adders
  An ufetubus (D:3)
  2 worms
  3 dart slugs
  2 orcs
  5 bats
  6 endoplasms
  2 giant cockroaches (D:1)
  3 goblins
  5 hobgoblins
  7 jackals
  2 quokkas
  7 ball pythons
  5 frilled lizards
  4 kobolds
  7 rats
70 creatures vanquished.

Vanquished Creatures (others)
  A plant (D:3)
1 creature vanquished.

Grand Total: 71 creatures vanquished

Notes
Turn   | Place    | Note
-------+----------+-------------------------------------------
     0 | D:1      | Earthwalker the Minotaur Fighter began the quest for the
                  | Orb.
     0 | D:1      | Reached XP level 1. HP: 19/19 MP: 0/0
   191 | D:1      | Reached XP level 2. HP: 27/27 MP: 1/1
   390 | D:1      | Reached XP level 3. HP: 33/33 MP: 2/2
  1080 | D:2      | Reached skill level 1 in Throwing
  1110 | D:2      | Reached skill level 1 in Dodging
  1135 | D:2      | Reached XP level 4. HP: 33/40 MP: 3/3
  2065 | D:3      | Reached XP level 5. HP: 16/46 MP: 4/4
  2515 | D:3      | Found a white marble altar of Elyvilon.
  2542 | D:3      | Found a sparkling altar of Nemelex Xobeh.
  2603 | D:3      | Found a faded altar of an unknown god.
  3378 | D:4      | Noticed an ogre
  3395 | D:4      | Mangled by an ogre

Illustrated notes

Levels and vault maps discovered:
D:1:      saegor_arrival_miasma, layout_basic
D:2:      layout_loops_ring
D:3:      layout_basic, mainiacjoe_overflow_two_lobes, serial_bayou,
          serial_bayou_ford_a, serial_bayou_pond_e, serial_bayou_crossing,
          serial_bayou_pond_a, dreamdust_ecumenical_altar_hidden_monk_grotto,
          grunt_ministairs_1
D:4:      layout_basic, mainiacjoe_overflow_alcove_4,
          minmay_temple_entry_junction, uniq_eustachio

Skill      XL: |  1  2  3 |
---------------+----------+-----
Axes           | 3 |  3.9
Armour         | 4 |  4.6
Shields        | 4 |  4.6
Fighting       | 4 |  4.4
Throwing       | 1 |  1.3
Dodging        | 1 |  1.8

Action                   |  1- 3 |  4- 6 || total
-------------------------+-------+-------++-------
Melee: War axe           |    80 |   104 ||   184
       Headbutt          |     8 |     9 ||    17
Throw: Stone             |       |     4 ||     4
Armor: Scale mail        |    40 |    53 ||    93
Dodge: Dodged            |    40 |    64 ||   104
Block: Buckler           |    25 |    24 ||    49
